 Dungeon Crawl Stone Soup version 0.29-a0-878-g7b45a56547 (webtiles) character file.

Game seed: 8963884726052479251

115 Malachi the Cudgeller (level 4, -2/35 HPs)
             Began as a Mummy Cinder Acolyte on July 20, 2022.
             Was a High Priest of Ignis.
             Killed from afar by an orc wizard (7 damage)
             ... with a puff of flame
             ... on level 3 of the Dungeon.
             The game lasted 00:04:41 (2689 turns).

Malachi the Cudgeller (Mummy Cinder Acolyte)        Turns: 2689, Time: 00:04:42

Health: -2/35      AC:  2    Str: 19    XL:     4   Next: 68%
Magic:  1/8        EV: 11    Int: 13    God:    Ignis [*****.]
Gold:   108        SH:  0    Dex:  7    Spells: 6/8 levels left

rFire   . . .      SeeInvis .   (no weapon)
rCold   + . .      Faith    .   (no shield)
rNeg    + + +      Spirit   .   b - +0 robe
rPois   ∞          Reflect  .   (no helmet)
rElec   .          Harm     .   (no cloak)
rCorr   .          Rampage  .   (no gloves)
Will    .....                   (no boots)
Stlth   +.........              f - amulet of regeneration
HPRegen 0.91/turn               (no ring)
MPRegen 0.11/turn               (no ring)

@: no status effects
A: cold resistance 1, negative energy resistance 3, torment resistance 2, heat
vulnerability 1, in touch with death 1, no potions
a: Renounce Religion, Fiery Armour, Foxfire Swarm, Rising Flame


You were on level 3 of the Dungeon.
You worshipped Ignis.
Ignis was extremely pleased with you.
You visited 1 branch of the dungeon, and saw 3 of its levels.

You collected 108 gold pieces.

Inventory:

Armour
 b - a +0 robe (worn)
Jewellery
 f - an amulet of regeneration (around neck)
 h - an amulet of reflection
Scrolls
 c - a scroll of identify {unknown}
 d - a scroll of enchant weapon
 e - a scroll of enchant armour {unknown}
 g - a scroll of vulnerability {unknown}
 i - a scroll of noise {unknown}


   Skills:
 - Level 3.1 Fighting
 - Level 4.0 Maces & Flails
 + Level 2.8 Spellcasting
 - Level 2.5 Fire Magic


You had 6 spell levels left.
You knew the following spells:

 Your Spells              Type           Power      Damage    Failure   Level
a - Scorch                Fire           16%        2d5       13%         2

Your spell library contained the following spells:

 Spells                   Type           Power      Damage    Failure   Level
 Apportation              Tloc           2%         N/A       24%         1
 Magic Dart               Conj           4%         1d3       24%         1
 Necrotise                Necr           8%         1d4       24%         1
 Summon Small Mammal      Summ           4%         N/A       24%         1
 Searing Ray              Conj           2%         2d4       34%         2
 Fulminant Prism          Conj/Hex       0%         3d6       93%         4
 Irradiate                Conj/Tmut      0%         3d11      100%        5
 Blade Hands              Tmut           Unusable   N/A       N/A         5
 Dragon Form              Tmut           Unusable   N/A       N/A         7

Dungeon Overview and Level Annotations

Branches:
Dungeon (3/15)

Altars:

Shops:
D:1 [


Innate Abilities, Weirdness & Mutations

You are immune to poison.
Your flesh is cold resistant. (rC+)
You are immune to negative energy. (rN+++)
You are immune to unholy pain and torment.
You are vulnerable to heat. (rF-)
You are in touch with the powers of death.
You do not drink.


Message History

A magic dart appears from out of thin air!
The magic dart hits you! The goblin hits you but does no damage.
Things that are here:
a +0 dagger; a goblin corpse You thump the goblin!
You burn the goblin.
You kill the goblin!
A magic dart appears from out of thin air!
The magic dart hits you. Something hits you.
Your magical contamination has completely faded away.
You hit something. You burn something. Something hits you.
You closely miss something. Something completely misses you.
You barely miss something.
You hear some strange, mumbled words.
A puff of flame appears from out of thin air!
The puff of flame hits you!
You are too injured to fight recklessly!
You are too injured to fight recklessly!
Toss (no damage): +0 mace (flame)
Press: ? - help, Shift-Dir - straight line, f - goblin
Aim: a goblin, wielding a +0 club Your +0 mace of flaming stops flaming.
You toss away a +0 mace of flaming.
The +0 mace of flaming hits the goblin but does no damage.
You are now empty-handed.
Something hits you but does no damage. Something hits you.
Unknown command.
Okay, then.
Okay, then.
Okay, then.
You hit something but do no damage. Something hits you.
* * * LOW HITPOINT WARNING * * *
You miss something. Your punch misses something.
You hear some strange, mumbled words.
A magic dart appears from out of thin air!
The magic dart hits you!
* * * LOW HITPOINT WARNING * * *
You hear some strange, mumbled words.
A puff of flame appears from out of thin air!
The puff of flame hits you!
You die...

#### ..... ..###
.....####...#
#......#...# ..
#......#...## ...
#......#)@†.##
....#..(...#.#<..#
#...#......#{#####
..........#g....##+
## #................
...#................
...................#
........g...........
##.###..####......##


You could see a goblin.

Vanquished Creatures
  3 adders (D:2)
  3 worms (D:2)
  6 dart slugs
  3 ball pythons
  4 endoplasms (D:1)
  A giant cockroach (D:1)
  5 goblins
  4 hobgoblins
  8 jackals
  7 kobolds
  2 quokkas
  4 bats
  11 frilled lizards (D:1)
  6 rats
67 creatures vanquished.

Vanquished Creatures (others)
  4 foxfires (D:2)
  5 plants (D:1)
9 creatures vanquished.

Grand Total: 76 creatures vanquished

Notes
Turn   | Place    | Note
-------+----------+-------------------------------------------
     0 | D:1      | Malachi the Mummy Cinder Acolyte began the quest for the
                  | Orb.
     0 | D:1      | Reached XP level 1. HP: 18/18 MP: 2/2
    38 | D:1      | Reached XP level 2. HP: 12/24 MP: 4/4
   419 | D:1      | Reached skill level 3 in Maces & Flails
   789 | D:1      | Found Anluu's Armour Shop.
  1272 | D:1      | Found a faded altar of an unknown god.
  1275 | D:1      | Gained mutation: You are in touch with the powers of death.
                  | [Mummy growth]
  1275 | D:1      | Reached XP level 3. HP: 28/29 MP: 5/5
  1931 | D:2      | Reached XP level 4. HP: 31/35 MP: 6/6
  2012 | D:2      | Reached skill level 4 in Maces & Flails
  2090 | D:2      | Learned a level 2 spell: Scorch
  2689 | D:3      | Killed from afar by an orc wizard

Illustrated notes

Levels and vault maps discovered:
D:1:      scummos_arrival_forest, layout_rooms, serial_shops, shop,
          hellmonk_ecumenical_altar_lost_god, hangedman_glass_teeth,
          minmay_lizard_king
D:2:      layout_loops_ring, minmay_misc_feat_rugged,
          nicolae_concentric_dashed_squares_mild
D:3:      layout_basic, mainiacjoe_overflow_alcove_2, jmf_multi_god_temple2,
          corexii_corridor_pit, minmay_goblin_kobold_house, uniq_terence,
          uniq_robin

Skill      XL: |  1  2  3  4 |
---------------+-------------+-----
Maces & Flails | 3 4 |  4.0
Spellcasting   | 2 |  2.8
Fighting       | |  3.1
Fire Magic     | |  2.5

Action                   |  1- 3 |  4- 6 || total
-------------------------+-------+-------++-------
Melee: Mace              |   128 |    67 ||   195
       Unarmed           |       |     2 ||     2
 Cast: Scorch            |       |    10 ||    10
Invok: Foxfire Swarm     |       |     1 ||     1
  Use: Scroll            |       |     4 ||     4
 Stab: Sleeping          |     1 |       ||     1
Armor: Robe              |    35 |    18 ||    53
Dodge: Dodged            |   114 |    53 ||   167

Table legend: (Time is in decaauts)
 A = Elapsed time spent in this place.
 B = Non-inter-level travel time spent in this place.
 C = Inter-level travel time spent in this place.
 D = Time resting spent in this place.
 E = Time spent auto-exploring this place.
 F = Levels seen in this place.
 G = Mean time per level.
                   A        B        C        D        E       F      G
               +--------+--------+--------+--------+--------+-----+--------+
         Total |   2735 |   2721 |     14 |    815 |   1353 |   3 |  911.7 |
       Dungeon |   2735 |   2721 |     14 |    815 |   1353 |   3 |  911.7 |
               +--------+--------+--------+--------+--------+-----+--------+

Top non-repeatable levels by time:
     D:1: 1909 daAuts
     D:2: 778 daAuts
     D:3: 47 daAuts
